 Dungeon Crawl Stone Soup version 0.29.1-4-g47bece8355 (webtiles) character file.

Game seed: 1804522160063372285

210 Hiippo the Ducker (level 5, -2/47 HPs)
             Began as a Gnoll Monk on Dec 1, 2022.
             Slain by a gnoll bouda
             ... wielding a +0 whip
              (11 damage)
             ... on level 4 of the Dungeon.
             The game lasted 00:17:42 (5162 turns).

Hiippo the Ducker (Gnoll Monk)                      Turns: 5162, Time: 00:17:43

Health: -2/47      AC:  2    Str: 10    XL:     5   Next: 88%
Magic:  7/7        EV: 15    Int: 10    God:
Gold:   219        SH:  0    Dex: 16    Spells: 7/7 levels left

rFire   . . .      SeeInvis .   f - +1 short sword
rCold   . . .      Faith    .   (no shield)
rNeg    . . .      Spirit   .   b - +0 robe
rPois   .          Reflect  .   (no helmet)
rElec   .          Harm     .   (no cloak)
rCorr   .          Rampage  .   (no gloves)
Will    .....                   (no boots)
Stlth   +++.......              (no amulet)
HPRegen 0.15/turn               (no ring)
MPRegen 0.10/turn               (no ring)

@: no status effects
A: fangs 1, strong nose, distributed training
a: no special abilities


You were on level 4 of the Dungeon.
You visited 1 branch of the dungeon, and saw 5 of its levels.

You collected 219 gold pieces.

Inventory:

Hand Weapons
 a - a +0 spear
 f - a +1 short sword (weapon)
 q - a +0 sling
Missiles
 l - 7 stones (quivered)
 p - 10 poisoned darts
 s - a boomerang
Armour
 b - a +0 robe (worn)
 i - a +0 ring mail
 v - a +0 ring mail
Jewellery
 d - a ring of flight
Scrolls
 e - a scroll of blinking {unknown}
 g - a scroll of magic mapping
 j - a scroll of noise
 k - a scroll of identify
 m - a scroll of enchant armour {unknown}
 o - a scroll of amnesia
 t - a scroll of torment {unknown}
 u - a scroll of brand weapon {unknown}
 w - 2 scrolls of poison {unknown}
Potions
 h - a potion of cancellation


   Skills:
 + Level 6.7 Fighting
 + Level 1.7 Short Blades
 + Level 1.7 Long Blades
 + Level 1.7 Axes
 + Level 1.7 Maces & Flails
 + Level 6.7 Polearms
 + Level 1.7 Staves
 + Level 1.7 Ranged Weapons
 + Level 1.7 Throwing
 + Level 1.7 Armour
 + Level 6.7 Dodging
 + Level 4.5 Stealth
 + Level 1.7 Shields
 + Level 1.7 Unarmed Combat
 + Level 1.7 Spellcasting
 + Level 1.3 Conjurations
 + Level 1.3 Hexes
 + Level 1.3 Summonings
 + Level 1.3 Necromancy
 + Level 1.3 Translocations
 + Level 1.3 Transmutations
 + Level 1.3 Fire Magic
 + Level 1.3 Ice Magic
 + Level 1.3 Air Magic
 + Level 1.3 Earth Magic
 + Level 1.3 Poison Magic
 + Level 2.0 Invocations
 + Level 1.7 Evocations


You had 7 spell levels left.
You didn't know any spells.
Your spell library contained the following spells:

 Spells                   Type           Power      Damage    Failure   Level
 Confusing Touch          Hex            3%         N/A       50%         3
 Ozocubu's Armour         Ice            3%         N/A       50%         3
 Metabolic Englaciation   Hex/Ice        1%         N/A       99%         5
 Yara's Violent Unravell  Hex/Tmut       1%         3d3       99%         5
 Simulacrum               Ice/Necr       1%         N/A       100%        6
 Enfeeble                 Hex            1%         N/A       100%        7


Dungeon Overview and Level Annotations

Branches:
Dungeon (5/15)
 Temple: D:4-7

Altars:
Fedhas


Innate Abilities, Weirdness & Mutations

You have very sharp teeth.
Your uncanny sense of smell can sniff out nearby items.
Your experience applies equally to all skills.


Message History

You hit the gnoll bouda.
The gnoll bouda is heavily wounded.
The gnoll is no longer moving quickly.
The gnoll bouda barks out a call to the hunt!
The gnolls pick up the pace!
You hit the gnoll bouda but do no damage.
Your bite misses the gnoll bouda.
The gnoll bouda is heavily wounded.
The gnoll bouda hits you with a +0 whip!
* * * LOW HITPOINT WARNING * * *
You are too injured to fight recklessly!
You are too injured to fight recklessly!
You are too injured to fight recklessly!
You are too injured to fight recklessly!
You are too injured to fight recklessly!
You are too injured to fight recklessly!
You are too injured to fight recklessly!
You are too injured to fight recklessly!
You are too injured to fight recklessly!
You are too injured to fight recklessly!
You are too injured to fight recklessly!
You are too injured to fight recklessly!
You are too injured to fight recklessly!
You are too injured to fight recklessly!
You are too injured to fight recklessly!
You are too injured to fight recklessly!
You are too injured to fight recklessly!
Read: scroll of immolation
Press: ? - help, Q - select action, (/) - cycle Dir - look around, f - activate Look: a gnoll bouda, wielding a +0 whip and wearing a +0 leather armour (heavily wounded, susceptible)
As you read the scroll of immolation, it crumbles to dust.
The creatures around you are filled with an inner flame!
The gnoll bouda hits you with a +0 whip.
* * * LOW HITPOINT WARNING * * *
You hit the gnoll bouda but do no damage.
You bite the gnoll bouda, but do no damage.
The gnoll bouda is heavily wounded.
Your attacks no longer feel as feeble.
The gnoll bouda hits you with a +0 whip!
You die...

......#
#§#
#######
#§# # #§#
# #§# #
#§#######
#
#§§gg..g#
#
#######g#
. # #g#
##. #
#@###.#.o:
# #....$##
#
###.#...+
# ... .# #
##... #
#### # # #


You could see a gnoll bouda (inner flame) and 2 gnolls.

Vanquished Creatures
  An orc priest (D:4)
  7 gnolls
  3 adders (D:4)
  A worm (D:4)
  2 dart slugs
  13 orcs
  5 ball pythons
  5 endoplasms
  A giant cockroach (D:1)
  4 goblins
  7 hobgoblins
  7 kobolds
  2 quokkas
  A bat (D:1)
  4 frilled lizards
  8 rats
71 creatures vanquished.

Vanquished Creatures (others)
  6 fungi (D:4)
  3 plants
9 creatures vanquished.

Grand Total: 80 creatures vanquished

Notes
Turn   | Place    | Note
-------+----------+-------------------------------------------
     0 | D:1      | Hiippo the Gnoll Monk began the quest for the Orb.
     0 | D:1      | Reached XP level 1. HP: 23/23 MP: 1/1
   264 | D:1      | Reached XP level 2. HP: 29/29 MP: 2/2
   683 | D:1      | Found a faded altar of an unknown god.
  1039 | D:2      | Reached XP level 3. HP: 30/35 MP: 3/3
  1351 | D:2      | Reached skill level 1 in Invocations
  1868 | D:2      | Reached skill level 1 in Short Blades
  1868 | D:2      | Reached skill level 1 in Long Blades
  1868 | D:2      | Reached skill level 1 in Axes
  1868 | D:2      | Reached skill level 1 in Maces & Flails
  1868 | D:2      | Reached skill level 1 in Staves
  1868 | D:2      | Reached skill level 1 in Ranged Weapons
  1868 | D:2      | Reached skill level 1 in Throwing
  1868 | D:2      | Reached skill level 1 in Armour
  1868 | D:2      | Reached skill level 1 in Shields
  1868 | D:2      | Reached skill level 1 in Unarmed Combat
  1868 | D:2      | Reached skill level 1 in Spellcasting
  1868 | D:2      | Reached skill level 1 in Evocations
  2275 | D:3      | Reached XP level 4. HP: 35/41 MP: 5/5
  2532 | D:4      | Noticed a steam dragon
  2959 | D:2      | Reached skill level 1 in Conjurations
  2959 | D:2      | Reached skill level 1 in Hexes
  2959 | D:2      | Reached skill level 1 in Summonings
  2959 | D:2      | Reached skill level 1 in Necromancy
  2959 | D:2      | Reached skill level 1 in Translocations
  2959 | D:2      | Reached skill level 1 in Transmutations
  2959 | D:2      | Reached skill level 1 in Fire Magic
  2959 | D:2      | Reached skill level 1 in Ice Magic
  2959 | D:2      | Reached skill level 1 in Air Magic
  2959 | D:2      | Reached skill level 1 in Earth Magic
  2959 | D:2      | Reached skill level 1 in Poison Magic
  4171 | D:4      | Found a blossoming altar of Fedhas.
  4184 | D:4      | Reached XP level 5. HP: 42/47 MP: 7/7
  4504 | D:4      | HP: 2/47 [orc/+0 flail (10)]
  4512 | D:4      | HP: 1/70 [adder (1)]
  4936 | D:5      | Entered Level 5 of the Dungeon
  5162 | D:4      | Slain by a gnoll bouda

Illustrated notes

Levels and vault maps discovered:
D:1:      lightli_arrival_statue_moat, layout_loops_cross,
          chequers_ecumenical_altar_lobes
D:2:      layout_rooms
D:3:      layout_rooms
D:4:      layout_basic, fedhas_altar_3, minmay_a_box_with_orc_wizards_in_it
D:5:      layout_basic, mainiacjoe_overflow_boulevard, st_stairs_12,
          roderic_batcave, corexii_hall_statues_x, uniq_menkaure

Skill      XL: |  1  2  3  4  5 |
---------------+----------------+-----
Invocations    | 1 2 |  2.0
Short Blades   | 1 |  1.7
Long Blades    | 1 |  1.7
Axes           | 1 |  1.7
Maces & Flails | 1 |  1.7
Staves         | 1 |  1.7
Ranged Weapons | 1 |  1.7
Throwing       | 1 |  1.7
Armour         | 1 |  1.7
Shields        | 1 |  1.7
Unarmed Combat | 1 |  1.7
Spellcasting   | 1 |  1.7
Evocations     | 1 |  1.7
Conjurations   | 1 |  1.3
Hexes          | 1 |  1.3
Summonings     | 1 |  1.3
Necromancy     | 1 |  1.3
Translocations | 1 |  1.3
Transmutations | 1 |  1.3
Fire Magic     | 1 |  1.3
Ice Magic      | 1 |  1.3
Air Magic      | 1 |  1.3
Earth Magic    | 1 |  1.3
Poison Magic   | 1 |  1.3
Fighting       | |  6.7
Polearms       | |  6.7
Dodging        | |  6.7
Stealth        | |  4.5

Action                   |  1- 3 |  4- 6 || total
-------------------------+-------+-------++-------
Melee: Spear             |   113 |       ||   113
       Bite              |    12 |    20 ||    32
       Short sword       |     9 |   158 ||   167
       Punch             |       |     2 ||     2
Throw: Dart              |     5 |     7 ||    12
       Javelin           |     5 |     9 ||    14
       Stone             |     3 |     3 ||     6
       Boomerang         |       |    18 ||    18
  Use: Scroll            |       |     9 ||     9
       Potion            |       |     7 ||     7
 Stab: Sleeping          |    13 |       ||    13
Armor: Robe              |     5 |    13 ||    18
Dodge: Dodged            |    44 |   141 ||   185
